 Dungeon Crawl Stone Soup version 0.29-a0-234-g0dae59b3db (webtiles) character file.

Game seed: 13642484073605354954

158 n8rtot the Ruffian (level 5, -2/53 HPs)
             Began as a Troll Berserker on Mar 2, 2022.
             Was a Believer of Trog.
             Slain by an orc warrior
             ... wielding a +0 battleaxe
              (8 damage)
             ... on level 2 of the Dungeon.
             The game lasted 00:06:59 (2001 turns).

n8rtot the Ruffian (Troll Berserker)                Turns: 2001, Time: 00:07:00

Health: -2/53      AC:  4    Str: 27    XL:     5   Next: 16%
Magic:  4/4        EV: 10    Int:  3    God:    Trog [**....]
Gold:   143        SH:  0    Dex:  9    Spells: 4/4 levels left

rFire   . . .      SeeInvis .     - Unarmed
rCold   . . .      Faith    .   (no shield)
rNeg    . . .      Spirit   .   a - +0 animal skin
rPois   .          Reflect  .   (helmet restricted)
rElec   .          Harm     .   (no cloak)
rCorr   .          Rampage  .   (gloves unavailable)
Will    .....                   (boots unavailable)
Stlth   +.........              (no amulet)
HPRegen 0.97/turn               (no ring)
MPRegen 0.09/turn               (no ring)

@: no status effects
A: large, unfitting armour, claws 3, regeneration 1, shaggy fur 1, tough skin 1
a: Renounce Religion, Berserk, Trog's Hand


You were on level 2 of the Dungeon.
You worshipped Trog.
Trog was pleased with you.
You visited 1 branch of the dungeon, and saw 3 of its levels.

You collected 143 gold pieces.

Inventory:

Armour
 a - a +0 animal skin (worn)
Jewellery
 c - a ring of wizardry
Scrolls
 b - a scroll of enchant armour {unknown}
 d - 2 scrolls of identify {unknown}
 e - 2 scrolls of blinking {unknown}
 f - a scroll of holy word {unknown}
 j - a scroll of immolation {unknown}
Potions
 g - a potion of cancellation {unknown}
 h - a potion of curing {unknown}
 i - a potion of flight {unknown}
 k - 2 potions of might {unknown}
 l - a potion of haste {unknown}


   Skills:
 + Level 3.0 Fighting
 + Level 3.2 Dodging
 + Level 4.8 Unarmed Combat


You had 4 spell levels left.
You didn't know any spells.
Your spell library was empty.

Dungeon Overview and Level Annotations

Branches:
Dungeon (3/15)

Altars:

Shops:
D:1 [!(=

Annotations:
D:3 Grinder


Innate Abilities, Weirdness & Mutations

You are too large for most types of armour.
You have claws for hands.
Your natural rate of healing is unusually fast.
You are covered in fur. (AC +1)
You have tough skin. (AC +1)


Message History

You can move again.
Grinder gestures at you. You resist with significant effort.
Grinder blinks!
There is a stone staircase leading up here.
You climb upwards.
There is a stone staircase leading down here.
You start resting.
HP restored.
You climb downwards.
Level annotation: Grinder The orc warrior closely misses you.
The endoplasm hits you. The endoplasm freezes you.
You are frozen.
The orc warrior hits you with a +0 battleaxe!
There is a stone staircase leading up, spattered with blood here.
The orc warrior hits you with a +0 battleaxe!
The endoplasm closely misses you.
You climb upwards.
There is a stone staircase leading down here.
You scratch the orc warrior but do no damage.
You scratch the orc warrior.
The orc warrior is lightly wounded.
The endoplasm hits you but does no damage.
The orc warrior closely misses you.
You claw the orc warrior!
The orc warrior is heavily wounded.
The endoplasm hits you. The orc warrior barely misses you.
You claw the orc warrior!
The orc warrior is almost dead.
The endoplasm freezes you.
You are frozen.
The orc warrior drinks a potion.
The orc warrior is healed!
You scratch the orc warrior but do no damage.
The orc warrior is lightly wounded.
The endoplasm freezes you.
You are frozen.
The orc warrior hits you with a +0 battleaxe!
* * * LOW HITPOINT WARNING * * *
The orc warrior hits you with a +0 battleaxe!
You die...

#)......#####.# #.##.#
#####.#...........# #.##.#
#...........####..###.##.#
#.###.#....## #......##.#
#.# #.....## #...#####.#
#.# ###.### #.>.# #.#
#.#####.# #J#.# #.#
........# #.o.# #.##
#.####### #@..# #).## #.#
#...# ##...## #.#
##########...# ##.....##
#.# #............#
#.......# #.#
#.########..## ##.....##
#.# #.# #..# ##...##
#.#####.### #..# ##.##
..........# #..# #.#
.....##.#.# #..# #.#


You could see an orc warrior and an endoplasm.

Vanquished Creatures
  A phantom (D:3)
  2 adders
  3 dart slugs
  2 orcs (D:3)
  5 bats
  2 endoplasms
  5 giant cockroaches
  6 goblins
  5 hobgoblins
  4 jackals (D:1)
  3 quokkas
  4 ball pythons
  3 frilled lizards
  7 kobolds
  3 rats
55 creatures vanquished.

Notes
Turn   | Place    | Note
-------+----------+-------------------------------------------
     0 | D:1      | n8rtot the Troll Berserker began the quest for the Orb.
     0 | D:1      | Reached XP level 1. HP: 22/22 MP: 0/0
    40 | D:1      | Found Tunoucs's Jewellery Shop.
    82 | D:1      | Reached XP level 2. HP: 29/29 MP: 1/1
   363 | D:1      | Found a faded altar of an unknown god.
   456 | D:1      | Found Zobrerar's Distillery.
   499 | D:1      | Found Jyehaunt's Weapon Emporium.
   590 | D:1      | Found Wiall's Armour Shop.
   862 | D:1      | Reached XP level 3. HP: 36/36 MP: 2/2
  1014 | D:2      | Reached ** piety under Trog
  1628 | D:3      | Reached skill level 4 in Unarmed Combat
  1628 | D:3      | Reached XP level 4. HP: 44/44 MP: 3/3
  1809 | D:3      | Noticed a phantom
  1830 | D:3      | Killed a phantom
  1831 | D:3      | Reached XP level 5. HP: 43/53 MP: 4/4
  1917 | D:3      | Noticed Grinder
  1917 | D:3      | Noticed an orc warrior
  1934 | D:3      | Paralysed by Grinder for 7 turns
  2001 | D:2      | Slain by an orc warrior

Illustrated notes

Levels and vault maps discovered:
D:1:      dpeg_arrival_three_same_balls, layout_basic,
          shapermc_ecumenical_altar_flowoftime, serial_shops, shop, shop, shop,
          nicolae_shop_hallway_plus, chequers_serial_rivers_micro_e
D:2:      layout_loops_ring
D:3:      layout_loops_ring, hex_tiny, minmay_close_crescents, uniq_grinder,
          uniq_natasha

Skill      XL: |  1  2  3  4 |
---------------+-------------+-----
Dodging        | 3 |  3.2
Unarmed Combat | 4 |  4.8
Fighting       | 3 |  3.0

Action                   |  1- 3 |  4- 6 || total
-------------------------+-------+-------++-------
Melee: Unarmed           |    95 |    46 ||   141
       Punch             |     3 |     1 ||     4
Armor: Animal skin       |    49 |     9 ||    58
Dodge: Dodged            |    54 |    16 ||    70

Table legend: (Time is in decaauts)
 A = Elapsed time spent in this place.
 B = Non-inter-level travel time spent in this place.
 C = Inter-level travel time spent in this place.
 D = Time resting spent in this place.
 E = Time spent auto-exploring this place.
 F = Levels seen in this place.
 G = Mean time per level.
                   A        B        C        D        E       F      G
               +--------+--------+--------+--------+--------+-----+--------+
         Total |   1992 |   1982 |     10 |     29 |   1396 |   3 |  664.0 |
       Dungeon |   1992 |   1982 |     10 |     29 |   1396 |   3 |  664.0 |
               +--------+--------+--------+--------+--------+-----+--------+

Top non-repeatable levels by time:
     D:1: 986 daAuts
     D:2: 651 daAuts
     D:3: 355 daAuts
